← All builds
Suicide front / Legion / Quick factory / OBSERVED BUILD

Standard suicide front

Quick Bot Lab into Vehicle Plant to project force at middle early with Ballista, Satyr, Decurion and Lance, transitioning into Barrage artillery and an Advanced Metal Extractor as the game develops.

#rush #raid · 26 distinct matches · 14 players · 79% of Legion Suicide front games · team won 50% of 26 · Recently observed

HOW TO PLAY IT

Key timing: Legion Vehicle Plant by 1:01

  1. Take a single mex and rush the bot lab immediately.
  2. Finish the bot lab fast to start early Decurion or Ballista pushes.
  3. Get the vehicle plant up to widen unit options for the front.
  4. Contest the middle early and expect combat losses right away.
  5. Pick up T2 constructor once middle is stabilized to prep for T2 arrivals.

Phase by phase

TYPICAL OF ITS 26 GAMES
  1. 1
  2. 2
  3. 3
PLAY THE OPENING

Follow the example game's first 6:00 step by step: what to build now, what comes next, and where it goes. At 1× it keeps pace with your own game.

  1. 1

    Up to the Legion Bot Lab

    Economy
    • Metal Extractor1Mex
    Order
    1. Legion Bot LabLegion Bot Lab after 2 mexdone ~0:34, middle half 0:20–0:35

    By 0:17 in all: 1 mex

    The example game in this phase · 139 steps
    1. Mex ×3
    2. Legion Vehicle PlantLegion Vehicle Plantdone 0:50 · typical 1:01
    3. WheelieWheelie ×2
    4. Legion Construction VehicleLegion Construction Vehicle
    5. AlarisAlaris
    6. PharosPharos
    7. AlarisAlaris
    8. Legion Construction VehicleLegion Construction Vehicle ×3
    9. Mex
    10. HeliosHelios ×2
    11. BarrageBarrage
    12. BrambleBramble
    13. BarrageBarrage
    14. PharosPharos
    15. Radar TowerRadar Tower
    16. Wind
    17. LanceLance
    18. Wind
    19. LanceLance ×2
    20. Wind
    21. LanceLance
    22. HiveHive
    23. Wind
    24. LanceLance
    25. Wind
    26. DecurionDecurion
    27. Wind ×2
    28. BarrageBarrage
    29. Wind
    30. LanceLance
    31. Legion DroneLegion Drone
    32. Con turret
    33. Legion DroneLegion Drone ×3
    34. Wind
    35. Legion DroneLegion Drone ×2
    36. LanceLance
    37. Wind
    38. Legion DroneLegion Drone
    39. PharosPharos
    40. Legion DroneLegion Drone ×2
    41. Wind
    42. Legion DroneLegion Drone
    43. LanceLance
    44. Legion DroneLegion Drone
    45. Wind
    46. Legion DroneLegion Drone
    47. Dragon's JawDragon's Jaw
    48. LanceLance
    49. Legion DroneLegion Drone
    50. Wind
    51. Legion DroneLegion Drone
    52. LanceLance
    53. Legion DroneLegion Drone
    54. Advanced Metal ExtractorT2 mexdone 9:33 · typical 8:45
    55. Wind
    56. Legion DroneLegion Drone
    57. PharosPharos
    58. Legion DroneLegion Drone ×2
    59. DecurionDecurion
    60. Wind
    61. Legion DroneLegion Drone ×2
    62. Mex
    63. LanceLance
    64. Legion DroneLegion Drone
    65. Wind
    66. Legion DroneLegion Drone
    67. Con turret
    68. Legion DroneLegion Drone
    69. Wind
    70. Legion DroneLegion Drone ×2
    71. LanceLance
    72. Wind
    73. Legion DroneLegion Drone
    74. Dragon's JawDragon's Jaw
    75. Legion Construction VehicleLegion Construction Vehicle
    76. Legion DroneLegion Drone
    77. Advanced Metal ExtractorT2 mex
    78. Wind
    79. Mex
    80. Legion DroneLegion Drone
    81. Legion Construction VehicleLegion Construction Vehicle
    82. Legion DroneLegion Drone
    83. Wind
    84. LanceLance
    85. Con turret
    86. HeliosHelios
    87. Wind
    88. Energy storage
    89. Wind
    90. Radar TowerRadar Tower
    91. HeliosHelios
    92. Wind ×2
    93. HeliosHelios
    94. NyxNyx
    95. Wind ×3
    96. HeliosHelios
    97. Con turret
    98. Wind
    99. HeliosHelios
    100. Wind
    101. Advanced Metal ExtractorT2 mex
    102. Wind ×2
    103. HeliosHelios
    104. Wind ×3
    105. HeliosHelios
    106. Wind
    107. HeliosHelios
    108. Wind ×2
    109. HeliosHelios
    110. Con turret
    111. HeliosHelios
    112. Wind
    113. Advanced Metal ExtractorT2 mex
    114. Wind
    115. HeliosHelios
    116. Con turret
    117. HeliosHelios
    118. Wind
    119. HeliosHelios
    120. Wind
    121. HeliosHelios
    122. Dragon's TeethDragon's Teeth ×2
    123. HeliosHelios
    124. Dragon's TeethDragon's Teeth ×2
    125. HeliosHelios
    126. Dragon's TeethDragon's Teeth
    127. Wind
    128. HeliosHelios ×2
    129. Wind
    130. HeliosHelios ×2
    131. Wind
    132. HeliosHelios
    133. Advanced Vehicle PlantAdvanced Vehicle Plantdone 14:13
    134. HeliosHelios
    135. Wind
    136. Con turret
    137. Wind
    138. Advanced Metal ExtractorT2 mex
    139. Legion Bot LabLegion Bot Labdone 14:29 · typical 0:34
  2. 2

    Legion Bot Lab to 5:00

    Economy
    • Metal Extractor5Mex
    • Wind Turbine7Wind
    Builders
    • Construction Turret1 Con turret
    • Legion Construction Bot3 Legion Construction Bot
    • Zagreus2 Zagreus
    Army
    • Pharos4 Pharos
    Other
    • Radar Tower1 Radar Tower

    Some games also: Ballista (42%) · Goblin (38%) · Satyr (38%) · Legion Construction Vehicle (35%) · Barrage (31%)

    By 5:00 in all: 6 mex · 8 wind · 1 con turret

  3. 3

    5:00 to 10:00

    Economy
    • Metal Extractor2Mex
    • Wind Turbine17Wind
    • Energy Storage1Energy storage
    Builders
    • Construction Turret3 Con turret

    Some games also: Zagreus (46%) · Radar Tower (42%) · converter (38%) · Ballista (38%) · Pharos (35%)

    By 10:00 in all: 8 mex · 25 wind · 1 energy storage · 4 con turret

    The example game in this phase · 17 steps
    1. Wind ×2
    2. MantisTransportdone 14:37
    3. Wind
    4. Metal storage
    5. Fusion ReactorFusionnot finished by 15:00
    6. Legion DroneLegion Drone ×2
    7. MantisTransport
    8. ZagreusZagreus
    9. Legion DroneLegion Drone
    10. Wind
    11. Legion DroneLegion Drone
    12. Wind
    13. Con turret
    14. Legion DroneLegion Drone
    15. Con turret
    16. ZagreusZagreus
    17. Legion DroneLegion Drone ×2

Counts are medians over the build's games: half of them build more, half fewer. The example game is yubiyubi's (42 OS, 30/08/2026); pick another.

Team trades

IN AT LEAST 30% OF ITS GAMES

You hand over

Nothing regular.

You get

  • Tidal Generator4 Tidal from Pondfirst at 0:11 · in 69% of games
  • Advanced Construction Bot1 T2 con bot from Geo or Techfirst at 7:31 · in 54% of games

How it plays out

Typical game of this build, running totals by minute

Metal produced

010k20k30k
0:005:0010:0015:00

metal

Enemy metal destroyed

05k10k
0:005:0010:0015:00

metal

Own metal lost

05k10k
0:005:0010:0015:00

metal

26 games.

Show as table
ByMetal produced: This buildEnemy metal destroyed: This buildOwn metal lost: This build
1:0024900
2:0087900
3:00204220360
4:003176484320
5:0042971154788
6:00526718041130
7:00619125412201
8:00749140053250
9:00877445374000
10:001049947444506
11:001232249825031
12:001458453036112
13:001742860647159
14:002039474937635
15:002406490817997
WHAT THE NUMBERS SAY

Suicide front trades heavily, destroying more enemy metal early than any other role shown but also losing the most, reflecting its all-in nature.

  • + Enemy metal destroyed hits 1253 by 5:00, far ahead of other roles at that mark.
  • + Metal produced by 5:00 reaches 4185, among the highest early figures.
  • − Own metal lost reaches 5320 by 10:00, the heaviest losses of any build shown.
  • − Team win rate is only 48%, despite the aggressive early trades.
THE EXAMPLE YOU ARE READING

yubiyubi

41.5 OS · 30/08/2026

Open source match ↗

9 received units · includes a constructor
65 metal received · 14693 energy received

Allied construction assistance is unknown. Timings are observations, not a promise of solo reproducibility.

Typical milestones

Legion Bot Lab0:34Middle 50%: 0:20–0:35 · n=17
Legion Vehicle Plant1:01Middle 50%: 0:36–6:33 · n=16
Advanced Metal Extractor8:45Middle 50%: 8:17–9:33 · n=13

Played most by

_X_8games of this build[crd]sisa4games of this build[Cookie]Maco2games of this buildyubiyubi2games of this buildBoozha1game of this build